 Dungeon Crawl Stone Soup version 0.20-b1 (webtiles) character file.

470 Drake the Conjurer (level 6, -4/34 HPs)
             Began as a Deep Elf Conjurer on May 22, 2017.
             Slain by a sky beast (6 damage)
             ... on level 4 of the Dungeon.
             The game lasted 00:19:47 (3545 turns).

Drake the Conjurer (Deep Elf Conjurer)              Turns: 3545, Time: 00:19:50

Health: -4/34      AC:  6    Str:  5 (7)  XL:     6   Next: 82%
Magic:  11/15      EV: 11    Int: 19 (20) God:
Gold:   175        SH:  4    Dex: 12 (15) Spells: 14/15 levels left

rFire    . . .     SeeInvis .   g - +0 mace (holy)
rCold    . . .     Gourm    .   e - +0 buckler
rNeg     . . .     Faith    .   k - +0 leather armour
rPois    .         Spirit   .   q - +0 helmet
rElec    .         Reflect  .   (no cloak)
rCorr    .         Harm     .   (no gloves)
MR       .....                  (no boots)
Stlth    ++........             (no amulet)
Regen    0.2/turn               h - +2 ring of protection
MPRegen  0.2/turn               (no ring)

@: hasted, very quick
A: no striking features
a: no special abilities


You were on level 4 of the Dungeon.
You were not hungry.

You visited 1 branch of the dungeon, and saw 4 of its levels.

You collected 175 gold pieces.

Inventory:

Hand Weapons
 d - a +0 falchion
 g - a +0 mace of holy wrath (weapon)
 p - a cursed -1 dagger
Armour
 a - a +0 robe
 e - a +0 buckler (worn)
 k - a +0 leather armour (worn)
 q - a +0 helmet (worn)
 t - a +4 scale mail of magic resistance
Jewellery
 h - a +2 ring of protection (left hand)
Wands
 m - a wand of flame (48/48)
Scrolls
 f - 2 scrolls of blinking
 n - 3 scrolls of teleportation
Potions
 i - 2 potions of flight {unknown}
Books
 b - a book of Conjurations

   Spells                             Type                      Level
   a - Magic Dart                     Conjuration                  1
   b - Searing Ray                    Conjuration                  2
   c - Dazzling Spray                 Conjuration/Hexes            3
   d - Fulminant Prism                Conjuration/Hexes            4
   e - Force Lance                    Conjuration/Translocation    4
   f - Iskenderun's Mystic Blast      Conjuration                  4
 c - a book of Minor Magic

   Spells                             Type                      Level
   a - Magic Dart                     Conjuration                  1
   b - Blink                          Translocation                2
   c - Call Imp                       Summoning                    2
   d - Slow                           Hexes                        2
   e - Conjure Flame                  Conjuration/Fire             3
   f - Mephitic Cloud                 Conjuration/Poison/Air       3
Comestibles
 l - 4 fruits


   Skills:
 - Level 1.0 Fighting
 - Level 1.0 Armour
 - Level 2.4 Dodging
 - Level 2.4 Stealth
 * Level 3.6 Shields
 + Level 5.1 Spellcasting
 + Level 6.0 Conjurations


You had 14 spell levels left.
You knew the following spells:

 Your Spells              Type           Power        Failure   Level  Hunger
a - Magic Dart            Conj           ####         1%          1    None


Dungeon Overview and Level Annotations

Branches:
Dungeon (4/15)
 Temple: D:4-7

Altars:
Makhleb
Nemelex Xobeh
Okawaru
Sif Muna


Message History

Casting: Magic Dart
Confirm with . or Enter, or press ? or * to list all spells.
Aiming: Magic Dart
Press: ? - help, Shift-Dir - straight line, f/p - sky beast
Aim: a sky beast (moderately wounded)
The magic dart hits the sky beast.
The sky beast is heavily wounded.
Casting: Magic Dart
Confirm with . or Enter, or press ? or * to list all spells.
Aiming: Magic Dart
Press: ? - help, Shift-Dir - straight line, f/p - sky beast
Aim: a sky beast (heavily wounded)
The magic dart hits the sky beast.
The sky beast is severely wounded.
The sky beast flickers out of sight!
Deactivating autopickup; reactivate with Ctrl-A.
Something hits you.
* * * LOW HITPOINT WARNING * * *
Something shocks you.
You die...

#.# ## #.#
#.##.# #..#.#
#.$#.# #..#.#
#.%#.#
#.{#.#######.
#.@..........
#.##.########
#. #.# #$ #.#
#. #.# #. #.#
#. #.# #. #.#


There were no monsters in sight!

Vanquished Creatures
  A phantom (D:3)
  Blork the orc (D:4)
  A hound (D:3)
  An orc priest (D:3)
  Terence (D:3)
  A bullfrog skeleton (D:4)
  A worker ant (D:4)
  Robin (D:3)
  6 adders
  An ooze (D:1)
  An adder skeleton (D:4)
  2 worms
  2 dart slugs (D:2)
  2 leopard geckos
  2 orcs (D:3)
  2 giant cockroaches
  16 goblins
  15 hobgoblins
  6 jackals (D:4)
  3 quokkas
  A ball python (D:2)
  9 bats
  3 frilled lizards
  2 kobolds (D:1)
  9 rats
90 creatures vanquished.

Notes
Turn   | Place    | Note
-------+----------+-------------------------------------------
     0 | D:1      | Drake the Deep Elf Conjurer began the quest for the Orb.
     0 | D:1      | Reached XP level 1. HP: 10/10 MP: 6/6
   336 | D:1      | Reached XP level 2. HP: 15/15 MP: 5/8
   428 | D:1      | Found an iron altar of Okawaru.
   991 | D:1      | Reached skill level 1 in Armour
  1045 | D:2      | Reached XP level 3. HP: 20/20 MP: 5/9
  1117 | D:2      | Reached skill level 5 in Conjurations
  1399 | D:2      | Reached skill level 1 in Fighting
  1511 | D:2      | Found a faded altar of an unknown god.
  1592 | D:2      | Reached skill level 1 in Shields
  1592 | D:2      | Reached XP level 4. HP: 25/25 MP: 3/11
  1668 | D:2      | Found a deep blue altar of Sif Muna.
  1858 | D:3      | Found a sparkling altar of Nemelex Xobeh.
  2422 | D:3      | Found a burning altar of Makhleb.
  2428 | D:3      | Reached XP level 5. HP: 26/29 MP: 5/12
  2489 | D:3      | Noticed Terence
  2499 | D:3      | Killed Terence
  2607 | D:3      | Noticed a phantom
  2619 | D:3      | Killed a phantom
  2619 | D:3      | Reached XP level 6. HP: 34/34 MP: 1/14
  2750 | D:3      | Noticed Robin
  2771 | D:3      | Killed Robin
  3445 | D:4      | Noticed Blork the orc
  3454 | D:4      | Killed Blork the orc
  3454 | D:4      | Reached skill level 5 in Spellcasting
  3454 | D:4      | Reached skill level 6 in Conjurations
  3531 | D:4      | Noticed a sky beast
  3545 | D:4      | Slain by a sky beast

Skill      XL: |  1  2  3  4  5  6 |
---------------+-------------------+-----
Armour         | 1 |  1.0
Conjurations   | 5 6 |  6.0
Fighting       | 1 |  1.0
Shields        | 1 2 3 |  3.6
Spellcasting   | 4 5 |  5.1
Dodging        | |  2.4
Stealth        | |  2.4

Action                   |  1- 3 |  4- 6 || total
-------------------------+-------+-------++-------
Melee: Mace              |       |    39 ||    39
 Cast: Magic Dart        |    81 |   158 ||   239
  Use: Scroll            |     4 |     4 ||     8
       Potion            |       |     8 ||     8
  Eat: Bread ration      |     1 |       ||     1
       Meat ration       |       |     1 ||     1
Armor: Leather armour    |       |    13 ||    13
       Skin              |       |    10 ||    10
Dodge: Dodged            |     8 |    38 ||    46
Block: Buckler           |       |    21 ||    21
